General information
			
			
        
        - name: BNet
 
        - type: Ladder team game (AT/RT)
 
        - host: Battle.net
 
        - saver: timEgsilentE
 
        
map: Friends 
        - players: 8
 
        - length: 45:46
 
        - speed: Fast
 - version: 1.22 W3XP
 - replay type:  Public
 
» download(493 KB)
Players
        team 1 (loser) 
              
              
nO.crY.pLz (
pink | 125 APM | 4621 actions | 36:54)
              
 5 Death Knight 
 3 Death Coil
 1 Unholy Aura
 1 Death Pact
 5 Lich 
 3 Frost Nova
 2 Frost Armor
 5 Crypt Lord 
 3 Impale
 2 Spiked Carapace
 
                » actions 
                
                | Assign group hotkey | 146 |  | 
| Basic commands | 273 |  | 
| Build / train | 125 |  | 
| Enter build submenu | 22 |  | 
| Enter hero's abilities submenu | 15 |  | 
| Remove unit from queue | 5 |  | 
| Right click | 1753 |  | 
| Select / deselect | 649 |  | 
| Select group hotkey | 1502 |  | 
| Use ability | 130 |  | 
                4621 total
 » units 
                
                | Acolyte | 3 |  | 
| Ghoul | 1 |  | 
| Crypt Fiend | 38 |  | 
| Obsidian Statue | 5 |  | 
| Frost Wyrm | 15 |  | 
                62 total
 » upgrades
                
                | Burrow | 1 |  | 
| Freezing Breath | 1 |  | 
| Creature Attack | 2 |  | 
| Web | 1 |  | 
| Creature Carapace | 2 |  | 
                7 total
 » buildings
                
                | Graveyard | 1 |  | 
| Crypt | 1 |  | 
| Altar of Darkness | 1 |  | 
| Ziggurat | 11 |  | 
| Tomb of Relics | 2 |  | 
| Halls of the Dead | 1 |  | 
| Nerubian Tower | 2 |  | 
| Slaughterhouse | 2 |  | 
| Black Citadel | 2 |  | 
| Sacrificial Pit | 1 |  | 
| Boneyard | 2 |  | 
                26 total
 » build order
                00:08 Graveyard
00:10 Crypt
00:15 Altar of Darkness
00:37 Ziggurat
01:11 Tomb of Relics
01:50 Ziggurat
03:39 Ziggurat
04:20 Halls of the Dead
05:19 Ziggurat
05:38 Ziggurat
05:57 Nerubian Tower
05:58 Nerubian Tower
06:52 Slaughterhouse
06:55 Black Citadel
06:55 Black Citadel
07:36 Sacrificial Pit
07:38 Ziggurat
07:39 Slaughterhouse
09:18 Boneyard
09:19 Boneyard
09:41 Ziggurat
11:59 Ziggurat
14:36 Ziggurat
14:40 Tomb of Relics
17:30 Ziggurat
34:44 Ziggurat
» items
                
                | Rod of Necromancy | 1 |  | 
| Orb of Corruption | 1 |  | 
| Scroll of Town Portal | 6 |  | 
                8 total
  
               
              
              
PinkFloydMeddle (
yellow | 108 APM | 4930 actions | 45:45)
              
 7 Blademaster 
 3 Wind Walk
 3 Critical Strike
 1 Bladestorm
 
                » actions 
                
                | Assign group hotkey | 37 |  | 
| Basic commands | 23 |  | 
| Build / train | 113 |  | 
| ESC pressed | 2 |  | 
| Enter build submenu | 35 |  | 
| Enter hero's abilities submenu | 7 |  | 
| Give item / drop item | 3 |  | 
| Right click | 2812 |  | 
| Select / deselect | 485 |  | 
| Select group hotkey | 1114 |  | 
| Use ability | 299 |  | 
                4930 total
 » units 
                
                | Peon | 9 |  | 
| Troll Batrider | 32 |  | 
| Obsidian Statue | 1 |  | 
| Shaman | 3 |  | 
                45 total
 » upgrades
                
                | Liquid Fire | 1 |  | 
| Ranged Weapons | 1 |  | 
| Destroyer Form | 1 |  | 
| Spirit Walker Training | 1 |  | 
| Shaman Training | 2 |  | 
                6 total
 » buildings
                
                | War Mill | 2 |  | 
| Altar of Storms | 1 |  | 
| Orc Burrow | 7 |  | 
| Voodoo Lounge | 2 |  | 
| Watch Tower | 11 |  | 
| Stronghold | 2 |  | 
| Beastiary | 3 |  | 
| Fortress | 2 |  | 
| Spirit Tower | 5 |  | 
| Spirit Lodge | 2 |  | 
| Tauren Totem | 1 |  | 
                38 total
 » build order
                00:20 War Mill
00:34 Altar of Storms
00:38 Orc Burrow
01:33 Voodoo Lounge
01:52 Watch Tower
02:23 Watch Tower
02:40 Watch Tower
03:08 Watch Tower
04:15 Watch Tower
04:49 Watch Tower
05:41 Stronghold
05:41 Stronghold
06:25 Watch Tower
07:06 Orc Burrow
07:08 Orc Burrow
07:19 Watch Tower
08:06 Beastiary
08:10 Beastiary
08:14 Beastiary
09:20 Fortress
09:21 Fortress
10:05 Orc Burrow
10:16 Orc Burrow
12:33 Watch Tower
12:36 Watch Tower
15:50 Watch Tower
23:51 Voodoo Lounge
36:40 Orc Burrow
37:42 Orc Burrow
38:15 Spirit Tower
38:21 Spirit Tower
38:21 Spirit Tower
38:22 Spirit Tower
40:24 Spirit Lodge
41:00 Spirit Lodge
42:41 War Mill
43:19 Tauren Totem
» items
                
                | Lesser Clarity Potion | 18 |  | 
| Scroll of Speed | 2 |  | 
| Healing Salve | 4 |  | 
| Potion of Mana | 5 |  | 
| Scroll of Town Portal | 4 |  | 
| Orb of Lightning | 1 |  | 
| Potion of Healing | 6 |  | 
| Ice Shard | 1 |  | 
| Tiny Great Hall | 1 |  | 
| Scroll of Regeneration | 1 |  | 
                43 total
  
               
              
              
ToG.BlaCKOuT (
teal | 76 APM | 3440 actions | 45:25)
              
 7 Pandaren Brewmaster 
 3 Breath of Fire
 3 Drunken Haze
 1 Storm Earth and Fire
 
                » actions 
                
                | Assign group hotkey | 10 |  | 
| Basic commands | 351 |  | 
| Build / train | 123 |  | 
| ESC pressed | 5 |  | 
| Enter build submenu | 24 |  | 
| Enter hero's abilities submenu | 7 |  | 
| Right click | 2016 |  | 
| Select / deselect | 666 |  | 
| Select group hotkey | 59 |  | 
| Use ability | 178 |  | 
                3440 total
 » units 
                
                | Wisp | 36 |  | 
| Huntress | 10 |  | 
| Dryad | 7 |  | 
| Mountain Giant | 7 |  | 
| Chimaera | 7 |  | 
                67 total
 » upgrades
                
                | Moon Armor | 1 |  | 
| Strength of the Moon | 1 |  | 
| Abolish Magic | 1 |  | 
| Strength of the Wild | 3 |  | 
| Reinforced Hides | 3 |  | 
| Hardened Skin | 1 |  | 
| Resistant Skin | 1 |  | 
| Corrosive Breath | 1 |  | 
                12 total
 » buildings
                
                | Moon Well | 9 |  | 
| Altar of Elders | 2 |  | 
| Hunter's Hall | 1 |  | 
| Ancient of War | 2 |  | 
| Ancient Protector | 3 |  | 
| Ancient of Wonders | 1 |  | 
| Tree of Ages | 2 |  | 
| Ancient of Lore | 2 |  | 
| Tree of Eternity | 4 |  | 
| Ancient of Wind | 1 |  | 
| Tree of Life | 1 |  | 
| Chimaera Roost | 2 |  | 
                30 total
 » build order
                00:12 Moon Well
00:33 Altar of Elders
02:04 Hunter's Hall
02:08 Ancient of War
02:27 Ancient of War
02:38 Moon Well
03:04 Moon Well
06:09 Ancient Protector
06:41 Ancient Protector
06:45 Ancient Protector
07:14 Ancient of Wonders
11:16 Tree of Ages
11:31 Moon Well
13:44 Ancient of Lore
13:46 Ancient of Lore
17:13 Moon Well
21:41 Tree of Eternity
21:41 Tree of Eternity
26:58 Moon Well
27:01 Moon Well
31:34 Ancient of Wind
32:18 Tree of Life
33:18 Chimaera Roost
33:22 Chimaera Roost
35:56 Moon Well
41:38 Altar of Elders
41:40 Moon Well
» items
                
                | Healing Salve | 2 |  | 
| Scroll of Speed | 1 |  | 
| Lesser Clarity Potion | 1 |  | 
| Scroll of Town Portal | 8 |  | 
| Potion of Healing | 5 |  | 
| Staff of Preservation | 1 |  | 
| Dust of Appearance | 1 |  | 
| Orb of Venom | 1 |  | 
                20 total
  
               
              
              
triumvir (
purple | 66 APM | 3012 actions | 45:21)
              
 7 Blood Mage 
 3 Flame Strike
 3 Siphon Mana
 1 Summon Phoenix
 5 Paladin 
 3 Holy Light
 1 Devotion Aura
 1 Divine Shield
 
                » actions 
                
                | Assign group hotkey | 75 |  | 
| Basic commands | 74 |  | 
| Build / train | 168 |  | 
| Enter build submenu | 30 |  | 
| Enter hero's abilities submenu | 12 |  | 
| Give item / drop item | 1 |  | 
| Remove unit from queue | 2 |  | 
| Right click | 1064 |  | 
| Select / deselect | 623 |  | 
| Select group hotkey | 762 |  | 
| Use ability | 201 |  | 
                3012 total
 » units 
                
                | Peasant | 24 |  | 
| Mortar Team | 25 |  | 
| Flying Machine | 23 |  | 
| Gryphon Rider | 17 |  | 
| Dragonhawk Rider | 4 |  | 
| Spell Breaker | 1 |  | 
                94 total
 » upgrades
                
                | Gunpowder | 3 |  | 
| Masonry | 3 |  | 
| Fragmentation Shards | 1 |  | 
| Flare | 1 |  | 
| Flak Cannons | 1 |  | 
| Storm Hammers | 1 |  | 
| Animal War Training | 1 |  | 
| Swords | 3 |  | 
| Armor | 3 |  | 
| Cloud | 1 |  | 
                18 total
 » buildings
                
                | Altar of Kings | 1 |  | 
| Farm | 11 |  | 
| Lumber Mill | 2 |  | 
| Arcane Vault | 1 |  | 
| Scout Tower | 10 |  | 
| Arcane Tower | 1 |  | 
| Guard Tower | 8 |  | 
| Keep | 1 |  | 
| Blacksmith | 1 |  | 
| Castle | 1 |  | 
| Workshop | 3 |  | 
| Gryphon Aviary | 2 |  | 
| Barracks | 2 |  | 
| Arcane Sanctum | 2 |  | 
                46 total
 » build order
                00:09 Altar of Kings
00:21 Farm
00:37 Lumber Mill
00:50 Arcane Vault
01:21 Farm
01:35 Scout Tower
02:02 Arcane Tower
02:06 Scout Tower
02:07 Scout Tower
02:51 Guard Tower
03:01 Guard Tower
03:14 Scout Tower
03:16 Scout Tower
03:55 Keep
04:22 Guard Tower
04:25 Blacksmith
04:27 Guard Tower
04:52 Farm
04:58 Farm
06:20 Castle
06:22 Workshop
06:23 Workshop
06:25 Workshop
06:28 Farm
06:28 Farm
10:25 Farm
25:39 Gryphon Aviary
25:40 Gryphon Aviary
25:43 Barracks
26:15 Barracks
30:34 Farm
33:04 Scout Tower
33:05 Scout Tower
33:06 Scout Tower
33:06 Scout Tower
33:11 Scout Tower
33:54 Guard Tower
34:42 Guard Tower
35:08 Farm
37:18 Arcane Sanctum
37:21 Arcane Sanctum
40:12 Lumber Mill
40:52 Guard Tower
42:50 Farm
44:28 Farm
» items
                
                | Lesser Clarity Potion | 4 |  | 
| Healing Salve | 4 |  | 
| Scroll of Town Portal | 9 |  | 
| Staff of Sanctuary | 1 |  | 
| Orb of Lightning | 1 |  | 
| Tiny Great Hall | 1 |  | 
| Potion of Healing | 2 |  | 
| Ice Shard | 1 |  | 
| Scroll of Regeneration | 1 |  | 
                24 total
  
               team 2 (winner) 
              
              
298739283939208 (
blue | 105 APM | 4821 actions | 45:46)
              
 7 Keeper of the Grove 
 3 Entangling Roots
 3 Thorns Aura
 1 Tranquility
 
                » actions 
                
                | Assign group hotkey | 82 |  | 
| Basic commands | 4 |  | 
| Build / train | 41 |  | 
| ESC pressed | 2 |  | 
| Enter build submenu | 17 |  | 
| Enter hero's abilities submenu | 8 |  | 
| Give item / drop item | 2 |  | 
| Remove unit from queue | 4 |  | 
| Right click | 2144 |  | 
| Select / deselect | 635 |  | 
| Select group hotkey | 1745 |  | 
| Use ability | 136 |  | 
                4821 total
 » units 
                
                | Wisp | 17 |  | 
| Archer | 1 |  | 
| Goblin Zeppelin | 1 |  | 
| Chimaera | 2 |  | 
                21 total
 » upgrades
                
                | Strength of the Wild | 1 |  | 
| Corrosive Breath | 1 |  | 
                2 total
 » buildings
                
                | Altar of Elders | 1 |  | 
| Moon Well | 6 |  | 
| Ancient of War | 2 |  | 
| Tree of Ages | 1 |  | 
| Hunter's Hall | 1 |  | 
| Tree of Eternity | 1 |  | 
| Ancient of Wind | 1 |  | 
| Chimaera Roost | 4 |  | 
| Tree of Life | 1 |  | 
                18 total
 » build order
                00:08 Altar of Elders
00:19 Moon Well
01:24 Ancient of War
01:37 Ancient of War
01:57 Moon Well
03:52 Tree of Ages
05:27 Hunter's Hall
06:14 Tree of Eternity
06:17 Ancient of Wind
06:37 Moon Well
06:40 Moon Well
06:43 Moon Well
07:16 Moon Well
08:48 Chimaera Roost
08:53 Chimaera Roost
09:14 Chimaera Roost
10:57 Tree of Life
11:22 Chimaera Roost
» items
                
                | Healing Salve | 1 |  | 
| Scroll of Restoration | 1 |  | 
| Potion of Healing | 2 |  | 
                4 total
  
               
              
              
GODIEPLZ (
green | 93 APM | 4277 actions | 45:46)
              
 8 Death Knight 
 3 Death Coil
 3 Unholy Aura
 1 Animate Dead
 1 Death Pact
 7 Lich 
 3 Frost Nova
 3 Dark Ritual
 1 Death and Decay
 7 Dreadlord 
 3 Sleep
 3 Carrion Swarm
 1 Inferno
 
                » actions 
                
                | Assign group hotkey | 49 |  | 
| Basic commands | 382 |  | 
| Build / train | 126 |  | 
| ESC pressed | 5 |  | 
| Enter build submenu | 34 |  | 
| Enter hero's abilities submenu | 25 |  | 
| Remove unit from queue | 1 |  | 
| Right click | 1890 |  | 
| Select / deselect | 747 |  | 
| Select group hotkey | 752 |  | 
| Use ability | 266 |  | 
                4277 total
 » units 
                
                | Acolyte | 21 |  | 
| Ghoul | 5 |  | 
| Crypt Fiend | 13 |  | 
| Frost Wyrm | 20 |  | 
                59 total
 » upgrades
                
                | Web | 1 |  | 
| Creature Carapace | 1 |  | 
| Freezing Breath | 1 |  | 
| Creature Attack | 1 |  | 
                4 total
 » buildings
                
                | Crypt | 1 |  | 
| Graveyard | 1 |  | 
| Altar of Darkness | 1 |  | 
| Ziggurat | 16 |  | 
| Tomb of Relics | 2 |  | 
| Nerubian Tower | 1 |  | 
| Halls of the Dead | 1 |  | 
| Spirit Tower | 12 |  | 
| Sacrificial Pit | 1 |  | 
| Black Citadel | 1 |  | 
| Boneyard | 1 |  | 
                38 total
 » build order
                00:05 Crypt
00:17 Graveyard
00:31 Altar of Darkness
00:46 Ziggurat
01:12 Tomb of Relics
01:48 Ziggurat
03:27 Nerubian Tower
04:20 Halls of the Dead
04:53 Ziggurat
04:55 Spirit Tower
06:11 Spirit Tower
07:29 Ziggurat
07:48 Sacrificial Pit
07:49 Black Citadel
09:04 Ziggurat
09:36 Spirit Tower
09:38 Ziggurat
11:38 Boneyard
13:52 Spirit Tower
26:42 Ziggurat
29:59 Ziggurat
30:20 Ziggurat
30:51 Spirit Tower
31:42 Spirit Tower
31:54 Ziggurat
32:19 Ziggurat
32:54 Spirit Tower
33:11 Spirit Tower
33:13 Ziggurat
33:42 Ziggurat
34:09 Spirit Tower
34:39 Spirit Tower
42:53 Tomb of Relics
43:41 Ziggurat
43:42 Ziggurat
43:44 Ziggurat
44:37 Spirit Tower
44:38 Spirit Tower
» items
                
                | Rod of Necromancy | 4 |  | 
| Potion of Mana | 3 |  | 
| Scroll of Town Portal | 9 |  | 
| Orb of Corruption | 1 |  | 
| Potion of Healing | 1 |  | 
| Dust of Appearance | 4 |  | 
                22 total
  
               
              
              
KNIFE]NOOBELF (
orange | 71 APM | 3251 actions | 45:46)
              
 7 Far Seer 
 3 Feral Spirit
 3 Chain Lighting
 1 Earth Quake
 6 Shadow Hunter 
 2 Hex
 3 Healing Wave
 1 Big Bad Voodoo
 
                » actions 
                
                | Assign group hotkey | 192 |  | 
| Basic commands | 72 |  | 
| Build / train | 114 |  | 
| Enter build submenu | 25 |  | 
| Enter hero's abilities submenu | 13 |  | 
| Give item / drop item | 1 |  | 
| Remove unit from queue | 1 |  | 
| Right click | 1467 |  | 
| Select / deselect | 514 |  | 
| Select group hotkey | 716 |  | 
| Use ability | 136 |  | 
                3251 total
 » units 
                
                | Peon | 15 |  | 
| Grunt | 2 |  | 
| Demolisher | 6 |  | 
| Shaman | 18 |  | 
| Troll Headhunter/Berserker | 10 |  | 
| Tauren | 21 |  | 
                72 total
 » upgrades
                
                | Ranged Weapons | 3 |  | 
| Burning Oil | 1 |  | 
| Reinforced Defenses | 1 |  | 
| Shaman Training | 2 |  | 
| Berserker Upgrade | 1 |  | 
| Pulverize | 1 |  | 
                9 total
 » buildings
                
                | Altar of Storms | 1 |  | 
| Orc Burrow | 13 |  | 
| War Mill | 1 |  | 
| Barracks | 2 |  | 
| Stronghold | 2 |  | 
| Voodoo Lounge | 1 |  | 
| Fortress | 1 |  | 
| Watch Tower | 2 |  | 
| Spirit Lodge | 1 |  | 
| Tauren Totem | 2 |  | 
                26 total
 » build order
                00:09 Altar of Storms
00:21 Orc Burrow
00:37 War Mill
01:39 Barracks
01:53 Orc Burrow
02:31 Stronghold
02:31 Stronghold
04:25 Voodoo Lounge
05:53 Fortress
06:37 Orc Burrow
06:40 Watch Tower
09:07 Orc Burrow
09:10 Orc Burrow
10:04 Spirit Lodge
13:52 Barracks
13:57 Watch Tower
17:22 Orc Burrow
23:33 Tauren Totem
23:34 Tauren Totem
29:05 Orc Burrow
29:06 Orc Burrow
29:07 Orc Burrow
29:10 Orc Burrow
29:33 Orc Burrow
43:44 Orc Burrow
43:45 Orc Burrow
» items
                
                | Lesser Clarity Potion | 6 |  | 
| Scroll of Town Portal | 5 |  | 
| Potion of Healing | 2 |  | 
| Healing Salve | 1 |  | 
                14 total
  
               
              
              
timEgsilentE (
red | 197 APM | 9013 actions | 45:46)
              
 6 Far Seer 
 2 Feral Spirit
 3 Chain Lighting
 1 Earth Quake
 7 Tauren Chieftain 
 3 Shockwave
 3 Endurance Aura
 1 Reincarnation
 
                » actions 
                
                | Assign group hotkey | 74 |  | 
| Basic commands | 166 |  | 
| Build / train | 114 |  | 
| Enter build submenu | 20 |  | 
| Enter hero's abilities submenu | 13 |  | 
| Give item / drop item | 5 |  | 
| Right click | 3790 |  | 
| Select / deselect | 633 |  | 
| Select group hotkey | 3861 |  | 
| Use ability | 337 |  | 
                9013 total
 » units 
                
                | Peon | 7 |  | 
| Grunt | 4 |  | 
| Raider | 18 |  | 
| Troll Witch Doctor | 8 |  | 
| Troll Batrider | 16 |  | 
                53 total
 » upgrades
                
                | Ensnare | 1 |  | 
| Berserker Strength | 1 |  | 
| Troll Regeneration | 1 |  | 
| Melee Weapons | 2 |  | 
| Pillage | 1 |  | 
| Armor | 2 |  | 
| Spiked Barricades | 1 |  | 
| Witch Doctor Training | 2 |  | 
| Liquid Fire | 1 |  | 
| Reinforced Defenses | 1 |  | 
                13 total
 » buildings
                
                | Altar of Storms | 1 |  | 
| Orc Burrow | 5 |  | 
| Barracks | 1 |  | 
| Stronghold | 1 |  | 
| War Mill | 1 |  | 
| Voodoo Lounge | 1 |  | 
| Beastiary | 2 |  | 
| Spirit Lodge | 1 |  | 
| Watch Tower | 7 |  | 
| Fortress | 1 |  | 
                21 total
 » build order
                00:06 Altar of Storms
00:21 Orc Burrow
00:58 Barracks
01:36 Orc Burrow
02:48 Stronghold
04:33 Orc Burrow
04:35 War Mill
04:41 Voodoo Lounge
04:59 Orc Burrow
05:14 Beastiary
05:17 Beastiary
07:21 Orc Burrow
10:22 Spirit Lodge
11:52 Watch Tower
11:53 Watch Tower
11:55 Watch Tower
11:58 Watch Tower
14:43 Watch Tower
14:44 Watch Tower
15:20 Fortress
16:36 Watch Tower
» items
                
                | Healing Salve | 7 |  | 
| Lesser Clarity Potion | 9 |  | 
| Scroll of Town Portal | 7 |  | 
| Potion of Healing | 2 |  | 
| Orb of Lightning | 1 |  | 
| Potion of Mana | 2 |  | 
| Alleria's Flute of Accuracy | 1 |  | 
| Sobi Mask | 1 |  | 
                30 total
  
                Chat log
          (00:11 / All) timEgsilentE: hubba hubba honk honk toot toot
(00:40 / All) timEgsilentE: gg gl
(00:54 / All) timEgsilentE: gg gl manner game Thank's
(01:29 / Allies) timEgsilentE: pooing
(02:05 / All) timEgsilentE: gg gl manner up
(02:07 / All) GODIEPLZ: Theres a glare on my comp screen
(02:14 / All) KNIFE]NOOBELF: manners green
(02:15 / All) KNIFE]NOOBELF: ...
(02:19 / All) GODIEPLZ: I coughed on it
(12:16 / All) 298739283939208: fireworks by me please
(41:16 / Allies) GODIEPLZ: 0-1 frosties